 Dungeon Crawl Stone Soup version 0.27.1 (webtiles) character file.

Game seed: 15339096268937906854

5 nxtlvl the Skirmisher (level 1, 0/24 HPs)
             Began as an Ogre Delver on Aug 30, 2021.
             Slain by a hound skeleton (1 damage)
             ... on level 4 of the Dungeon.
             The game lasted 00:01:45 (177 turns).

nxtlvl the Skirmisher (Ogre Delver)                  Turns: 177, Time: 00:01:46

Health: 0/24       AC:  3    Str: 15    XL:     1   Next: 80%
Magic:  1/1        EV:  9    Int: 11    God:
Gold:   0          SH:  0    Dex: 10    Spells: 0/0 levels left

rFire    . . .     SeeInvis .   a - +0 mace
rCold    . . .     Faith    .   (no shield)
rNeg     . . .     Spirit   .   b - +0 robe
rPois    .         Reflect  .   (helmet restricted)
rElec    .         Harm     .   (no cloak)
rCorr    .         Rampage  .   (gloves unavailable)
Will     .....                  (boots unavailable)
Stlth    ++........             (no amulet)
HPRegen  0.08/turn              (no ring)
MPRegen  0.07/turn              (no ring)

@: no status effects
A: large, unfitting armour, tough skin 1
a: no special abilities


You were on level 4 of the Dungeon.
You visited 1 branch of the dungeon, and saw 4 of its levels.

Inventory:

Hand Weapons
 a - a +0 mace (weapon)
Armour
 b - a +0 robe (worn)
Wands
 g - a wand of digging (3)
Scrolls
 c - a scroll of fog
 d - a scroll of identify {unknown}
 e - a scroll of fear
 h - a scroll of teleportation {unknown}
Potions
 f - a potion of haste


   Skills:
 + Level 4.0 Fighting
 + Level 1.8 Maces & Flails
 + Level 1.7 Dodging
 + Level 3.9 Stealth


You couldn't memorise any spells.
You didn't know any spells.
Your spell library was empty.

Dungeon Overview and Level Annotations

Branches:
Dungeon (6/15)
 Temple: D:4-7

Altars:
Qazlal


Innate Abilities, Weirdness & Mutations

You are too large for most types of armour.
You have tough skin. (AC +1)


Message History

You barely miss the giant cockroach. The giant cockroach bites you.
The giant cockroach bites you but does no damage.
You barely miss the giant cockroach.
The giant cockroach bites you but does no damage.
The giant cockroach barely misses you.
You closely miss the giant cockroach. The giant cockroach barely misses you.
You hit the giant cockroach.
You kill the giant cockroach!
You see here a giant cockroach corpse.
A hound skeleton comes into view.
Found 20 stones and 12 arrows.
The helpless quokka fails to defend itself.
You hit the quokka but do no damage. The quokka bites you.
You hit the quokka but do no damage. The quokka closely misses you.
The quokka bites you.
* * * LOW HITPOINT WARNING * * *
You barely miss the quokka. The quokka closely misses you.
You closely miss the quokka.
The quokka bites you but does no damage. x2
You barely miss the quokka. The quokka closely misses you.
The quokka barely misses you.
You hit the quokka.
You kill the quokka!
The hound skeleton bites you.
* * * LOW HITPOINT WARNING * * *
You barely miss the hound skeleton. The hound skeleton bites you.
* * * LOW HITPOINT WARNING * * *
You barely miss the hound skeleton. The hound skeleton bites you.
* * * LOW HITPOINT WARNING * * *
The hound skeleton bites you but does no damage.
Okay, then.
You barely miss the hound skeleton.
The hound skeleton bites you but does no damage.
The hound skeleton bites you.
* * * LOW HITPOINT WARNING * * *
You hit the hound skeleton.
The hound skeleton is lightly damaged.
The hound skeleton bites you but does no damage.
The hound skeleton bites you.
You die...

#.#.#..#
#.#.#.###
#.#.....+
###.###.### .
#.........#
..
#.#.###.#.#
...
#..†.$#+#....
#####.......(
+..@Z........
#####........
#........
#........
.........
#.......(
#........
#........
#########


You could see a hound skeleton.

Vanquished Creatures
  A giant cockroach (D:4)
  A goblin (D:4)
  A hobgoblin (D:4)
  A quokka (D:4)
4 creatures vanquished.

Notes
Turn   | Place    | Note
-------+----------+-------------------------------------------
     0 | D:5      | nxtlvl the Ogre Delver began the quest for the Orb.
     0 | D:5      | Reached XP level 1. HP: 24/24 MP: 1/1
     7 | D:6      | Noticed a necrophage
     8 | D:6      | Noticed a wight
    53 | D:3      | Found a stormy altar of Qazlal.
   176 | D:4      | HP: 1/24 [hound skeleton (1)]
   177 | D:4      | Slain by a hound skeleton

Illustrated notes

Levels and vault maps discovered:
D:3:      layout_basic, mainiacjoe_overflow_six_doors_small,
          serial_corexii_hall, corexii_hall_statues_x, corexii_hall_statues_x,
          corexii_hall_statues_l, chequers_hall_statues_wall_a, uniq_grinder
D:4:      minmay_diamond_boxcup, layout_basic, mainiacjoe_overflow_tiny_flanked
D:5:      layout_loops_ring, marbit_many_paths, minmay_temple_entry_glass,
          serial_shops, shop, kennysheep_mini_moat, uniq_ijyb,
          uniq_blork_the_orc, uniq_menkaure
D:6:      layout_basic, nicolae_kikubaaqudgha_miasma_corner,
          nzn_wu_jian_contemplation, uniq_maggie, uniq_sigmund

Action                   || total
-------------------------++-------
Melee: Mace              ||    23
  Use: Scroll            ||     1
 Stab: Sleeping          ||     1
Armor: Robe              ||     9
Dodge: Dodged            ||     7
